Map: Magannatha LE

Players

jeannysu - Winner!

  • Race: Protoss Protoss
  • Spawn Location: 5:00

VOD

Have the link to the VOD?

Description

Time

  • Played on: Aug. 31, 2025, 10:40 a.m.
  • Length: 21:08
Show
View Real Time Build Order
Export as new Build Order

jeannysu Protoss - Winner!

Build Orders:  

Get SALT Encoding   

  12  0:03  Probe (Chrono Boost)  
  13  0:14  Probe (Chrono Boost)  
  14  0:26  Pylon  
  14  0:32  Probe (Chrono Boost)  
  15  0:52  Assimilator  
  15  0:57  Gateway  
  15  1:05  Probe (Chrono Boost)  
  16  1:21  Probe (Chrono Boost)  
  17  1:32  Probe (Chrono Boost)  
  18  1:40  Pylon  
  18  1:43  Probe (Chrono Boost)  
  19  1:59  Probe (Chrono Boost)  
  20  2:12  Cybernetics Core  
  20  2:16  Probe (Chrono Boost)  
  21  2:42  Nexus  
  21  3:10  Robotics Facility  
  21  3:13  Assimilator  
  21  3:16  Probe (Chrono Boost)  
  24  3:33  Probe (Chrono Boost)  
  26  3:50  Probe (Chrono Boost)  
  26  4:06  Unknown  
  26  4:07  Probe (Chrono Boost)  
  27  4:13  Gateway  
  27  4:17  Gateway  
  27  4:24  Warp Gate, Pylon, Probe (Chrono Boost)  
  27  4:25  Observer  
  28  4:37  Stalker  
  28  4:38  Unknown  
  29  4:40  Probe (Chrono Boost)  
  29  4:45  Probe (Chrono Boost)  
  33  4:55  Unknown  
  34  5:02  Immortal, Probe (Chrono Boost)  
  38  5:16  Unknown  
  38  5:33  Unknown  
  38  5:42  Shield Battery  
  38  5:49  Shield Battery  
  38  5:50  Stalker  
  38  5:52  Stalker  
  38  5:53  Stalker  
  44  6:09  Immortal  
  48  6:15  Probe x2 (Chrono Boost)  
  50  6:21  Pylon  
  50  6:32  Probe x2 (Chrono Boost)  
  50  6:38  Unknown  
  52  6:49  Probe x2 (Chrono Boost)  
  54  6:59  Twilight Council  
  54  7:04  Gateway  
  54  7:06  Gateway, Probe (Chrono Boost)  
  55  7:14  Pylon  
  55  7:18  Probe (Chrono Boost)  
  56  7:23  Probe (Chrono Boost)  
  56  7:24  Assimilator  
  57  7:35  Probe (Chrono Boost), Warp Prism  
  61  7:40  Probe (Chrono Boost)  
  61  7:45  Forge  
  61  7:52  Probe (Chrono Boost)  
  61  7:57  Probe (Chrono Boost)  
  63  8:04  Zealot x2  
  63  8:05  Zealot  
  69  8:37  Unknown  
  69  8:45  Nexus  
  69  9:00  Unknown  
  69  9:20  Pylon  
  69  9:35  Probe (Chrono Boost)  
  69  9:37  Pylon  
  70  9:43  Forge  
  70  9:45  Protoss Ground Weapons Level 1  
  70  9:46  Pylon  
  70  9:48  Pylon  
  70  9:51  Pylon  
  70  9:58  Gateway  
  70  10:02  Gateway  
  70  10:06  Probe x2 (Chrono Boost)  
  70  10:08  Assimilator  
  72  11:08  Probe (Chrono Boost)  
  72  11:09  Probe (Chrono Boost)  
  75  11:20  Probe (Chrono Boost)  
  75  11:24  Probe (Chrono Boost)  
  75  11:26  Probe (Chrono Boost)  
  77  11:30  Stalker x5  
  77  11:31  Stalker x2  
  77  11:37  Probe (Chrono Boost)  
  93  11:41  Probe (Chrono Boost)  
  93  11:43  Probe (Chrono Boost)  
  94  11:54  Probe (Chrono Boost)  
  94  11:58  Probe (Chrono Boost)  
  97  12:00  Probe (Chrono Boost)  
  98  12:11  Probe (Chrono Boost)  
  98  12:15  Probe (Chrono Boost)  
  98  12:17  Probe (Chrono Boost)  
  98  12:19  Stalker x6  
  112  12:20  Stalker  
  112  12:21  Protoss Ground Armor Level 1  
  112  12:24  Protoss Ground Weapons Level 2  
  112  12:28  Probe (Chrono Boost)  
  115  12:36  Gateway  
  115  12:41  Gateway  
  115  12:57  Blink  
  115  13:11  Stalker x3  
  115  13:12  Stalker x2  
  125  13:37  Pylon  
  125  13:39  Pylon  
  125  13:42  Pylon  
  125  13:43  Pylon  
  125  13:45  Shield Battery  
  125  13:46  Pylon  
  125  13:48  Pylon  
  125  13:50  Shield Battery  
  125  13:53  Assimilator  
  125  13:58  Assimilator  
  125  14:06  Templar Archives  
  125  14:14  Stalker  
  125  14:15  Stalker x5  
  125  14:16  Stalker  
  125  14:17  Stalker x2  
  105  15:29  Zealot x2  
  95  15:30  Zealot x4  
  95  15:32  Zealot  
  97  16:00  High Templar  
  97  16:01  High Templar x5  
  97  16:02  High Templar x3  
  97  16:06  Immortal  
  119  16:17  Psionic Storm  
  117  16:24  Archon  
  117  16:25  Archon  
  117  16:26  Archon x2  
  101  17:03  Stalker x2  
  101  17:04  Stalker x5  
  101  17:09  Zealot x2  
  113  17:37  Warp Prism  
  115  18:04  Stalker x3  
  115  18:05  Stalker x5  
  115  18:06  Stalker  
  133  18:17  Nexus  
  127  18:40  Zealot x3  
  127  18:41  Zealot x6  
  145  19:10  Zealot x6  
  145  19:11  Zealot x3  
  163  19:25  Pylon  
  151  20:01  Zealot x4  
  151  20:02  Zealot x5  
  167  20:31  Pylon  
  167  20:54  Zealot x3  
  167  20:55  Zealot x4  
  167  20:56  Zealot x2  
Tags
 
Matchup
Co-op
Replay Pack
새 폴더
Add a new tag
Caveats
  • Supply blocks, unpowered buildings, or Contaminate may cause inaccurate times.
  • Supply counts are checked every 10 seconds.